 Dungeon Crawl Stone Soup version 0.29.1-13-g9f3cf754e1 (webtiles) character file.

Game seed: 16893972582177633936

67 leafyfresh the Covert (level 4, -1/41 HPs)
             Began as a Gnoll Delver on Feb 7, 2023.
             Slain by Terence
             ... wielding a +0 flail
              (12 damage)
             ... on level 3 of the Dungeon.
             The game lasted 00:02:11 (818 turns).

leafyfresh the Covert (Gnoll Delver)                 Turns: 818, Time: 00:02:12

Health: -1/41      AC:  3    Str: 11    XL:     4   Next: 16%
Magic:  5/5        EV: 14    Int: 10    God:
Gold:   37         SH:  0    Dex: 19    Spells: 5/5 levels left

rFire   . . .      SeeInvis .   a - +0 spear
rCold   . . .      Faith    .   (no shield)
rNeg    + + .      Spirit   .   h - +0 leather armour of Neatock {rN++ Will- rCorr Dex+4}
rPois   .          Reflect  .   (no helmet)
rElec   .          Harm     .   (no cloak)
rCorr   +          Rampage  .   (no gloves)
Will    .....                   (no boots)
Stlth   ++++......              (no amulet)
HPRegen 0.13/turn               (no ring)
MPRegen 0.09/turn               (no ring)

@: no status effects
A: fangs 1, strong nose, distributed training
a: no special abilities


You were on level 3 of the Dungeon.
You visited 1 branch of the dungeon, and saw 3 of its levels.

You collected 37 gold pieces.

Inventory:

Hand Weapons
 a - a +0 spear (weapon)
Armour
 b - a +0 leather armour
 h - the +0 leather armour of Neatock (worn) {rN++ Will- rCorr Dex+4}
   (You found it on level 5 of the Dungeon)

   Dex:       It affects your dexterity (+4).
   rN:        It greatly protects you from negative energy.
   rCorr:     It protects you from acid and corrosion.
   Will:      It decreases your willpower.
Wands
 g - a wand of digging (3)
Scrolls
 c - a scroll of fog
 d - a scroll of magic mapping
 j - a scroll of blinking {unknown}
 k - a scroll of enchant armour {unknown}
Potions
 e - a potion of mutation {unknown}
 f - 2 potions of haste
 i - a potion of attraction {unknown}


   Skills:
 + Level 6.6 Fighting
 + Level 1.1 Short Blades
 + Level 1.1 Long Blades
 + Level 1.1 Axes
 + Level 1.1 Maces & Flails
 + Level 4.6 Polearms
 + Level 1.1 Staves
 + Level 1.1 Ranged Weapons
 + Level 1.1 Throwing
 + Level 1.1 Armour
 + Level 4.6 Dodging
 + Level 9.6 Stealth
 + Level 1.1 Shields
 + Level 1.1 Unarmed Combat
 + Level 1.1 Spellcasting
 + Level 0.8 Conjurations
 + Level 0.8 Hexes
 + Level 0.8 Summonings
 + Level 0.8 Necromancy
 + Level 0.8 Translocations
 + Level 0.8 Transmutations
 + Level 0.8 Fire Magic
 + Level 0.8 Ice Magic
 + Level 0.8 Air Magic
 + Level 0.8 Earth Magic
 + Level 0.8 Poison Magic
 + Level 1.2 Invocations
 + Level 1.1 Evocations


You had 5 spell levels left.
You didn't know any spells.
Your spell library was empty.

Dungeon Overview and Level Annotations

Branches:
Dungeon (5/15)
 Temple: D:4-7

Altars:
Gozag

Annotations:
D:3 Terence
D:4 Robin


Innate Abilities, Weirdness & Mutations

You have very sharp teeth.
Your uncanny sense of smell can sniff out nearby items.
Your experience applies equally to all skills.


Message History

Terence hits you with a +0 flail.
You barely miss Terence.
Terence is moderately wounded.
The endoplasm completely misses you. Terence closely misses you.
You hit Terence but do no damage.
Terence is moderately wounded.
The endoplasm hits you but does no damage.
Terence hits you with a +0 flail.
You barely miss Terence.
Terence is moderately wounded.
The endoplasm freezes you.
You are frozen.
Terence misses you.
You hit Terence. You bite Terence, but do no damage.
Terence is heavily wounded.
You hit Terence.
Terence is severely wounded.
The endoplasm barely misses you. Terence completely misses you.
You hit Terence but do no damage.
Terence is severely wounded.
The endoplasm misses you. Terence closely misses you.
You hit Terence but do no damage.
Terence is severely wounded.
The endoplasm freezes you.
You are frozen.
* * * LOW HITPOINT WARNING * * *
Terence misses you.
You hit Terence but do no damage.
Terence is severely wounded.
The endoplasm closely misses you.
Terence says, "You're history."
Terence barely misses you.
The gnoll shouts!
You hit Terence. You bite Terence, but do no damage.
Terence is severely wounded.
You hear a shout!
The endoplasm freezes you.
You are frozen.
* * * LOW HITPOINT WARNING * * *
Terence hits you with a +0 flail!
You die...

######..##.....#....
#. #.#.'##'##'##g##'
### #.#.#..#†....#..#
... #.#.#..#'###'#..#
##.
#.#.#..#.....#..##...
#>#.'..'.._..'..'..#
#..(.#..#....g#..##.#
# #....#..#'###J#$.#
. ....##..#...@.#..#
#
..##.#.'##'##@##'##'
.#. ....# ....# ...##
#... ###.#..... ...#
...# .###+# +### .. ∆
.. ## #.#


You could see Terence, 2 gnolls and an endoplasm.

Vanquished Creatures
  A hound (D:4)
  An iguana (D:4)
  An endoplasm (D:3)
  A giant cockroach (D:3)
  2 goblins
  A kobold (D:4)
  2 quokkas
  A frilled lizard (D:3)
  A rat (D:3)
11 creatures vanquished.

Notes
Turn   | Place    | Note
-------+----------+-------------------------------------------
     0 | D:5      | Reached skill level 9 in Stealth
     0 | D:5      | leafyfresh the Gnoll Delver began the quest for the Orb.
     0 | D:5      | Reached XP level 1. HP: 23/23 MP: 1/1
     4 | D:5      | Identified the +0 leather armour of Neatock {rN++ Will-
                  | rCorr Dex+4}
    28 | D:4      | Noticed an iguana
    45 | D:4      | Killed an iguana
    46 | D:4      | Reached XP level 2. HP: 10/29 MP: 2/2
    46 | D:4      | Reached XP level 3. HP: 12/35 MP: 3/3
   306 | D:4      | Noticed an ogre
   437 | D:4      | Reached skill level 1 in Short Blades
   437 | D:4      | Reached skill level 1 in Long Blades
   437 | D:4      | Reached skill level 1 in Axes
   437 | D:4      | Reached skill level 1 in Maces & Flails
   437 | D:4      | Reached skill level 1 in Staves
   437 | D:4      | Reached skill level 1 in Ranged Weapons
   437 | D:4      | Reached skill level 1 in Throwing
   437 | D:4      | Reached skill level 1 in Armour
   437 | D:4      | Reached skill level 1 in Shields
   437 | D:4      | Reached skill level 1 in Unarmed Combat
   437 | D:4      | Reached skill level 1 in Spellcasting
   437 | D:4      | Reached skill level 1 in Invocations
   437 | D:4      | Reached skill level 1 in Evocations
   437 | D:4      | Reached XP level 4. HP: 31/41 MP: 5/5
   530 | D:4      | Noticed Robin
   768 | D:3      | Found a faded altar of an unknown god.
   789 | D:3      | Found an opulent altar of Gozag.
   802 | D:3      | Noticed Terence
   818 | D:3      | Slain by Terence

Illustrated notes

Levels and vault maps discovered:
D:3:      layout_loops_ring, mainiacjoe_overflow_24_doors,
          basic_ecumenical_altar, uniq_grinder, uniq_terence
D:4:      layout_gridville, uniq_robin
D:5:      layout_cave_pools, minmay_temple_entry_statues_fountains,
          uniq_crazy_yiuf_cottage, uniq_pikel

Skill      XL: |  1  2  3 |
---------------+----------+-----
Stealth        | |  9.6
Short Blades   | 1 |  1.1
Long Blades    | 1 |  1.1
Axes           | 1 |  1.1
Maces & Flails | 1 |  1.1
Staves         | 1 |  1.1
Ranged Weapons | 1 |  1.1
Throwing       | 1 |  1.1
Armour         | 1 |  1.1
Shields        | 1 |  1.1
Unarmed Combat | 1 |  1.1
Spellcasting   | 1 |  1.1
Invocations    | 1 |  1.2
Evocations     | 1 |  1.1
Fighting       | |  6.6
Polearms       | |  4.6
Dodging        | |  4.6
Conjurations   | |  0.8
Hexes          | |  0.8
Summonings     | |  0.8
Necromancy     | |  0.8
Translocations | |  0.8
Transmutations | |  0.8
Fire Magic     | |  0.8
Ice Magic      | |  0.8
Air Magic      | |  0.8
Earth Magic    | |  0.8
Poison Magic   | |  0.8

Action                   |  1- 3 |  4- 6 || total
-------------------------+-------+-------++-------
Melee: Spear             |    28 |    29 ||    57
       Bite              |     1 |     4 ||     5
       Punch             |     1 |       ||     1
  Use: Scroll            |     1 |       ||     1
 Stab: Sleeping          |     2 |     2 ||     4
Armor: Leather armour    |     3 |     5 ||     8
Dodge: Dodged            |    17 |    13 ||    30
